AoeStats
← 2204528

Coastal Forest

510855464Analyzed
4v4 RM · 17h ago on Oct 2, 2026· 61m 42s· 8 players
Game mode
Random Map
Map size
Large (8 player)
Population
200
Speed
Normal
Resources
Standard
Victory
Conquest
Starting age
Dark Age
Ending age
Imperial Age
RankedLock teamsTeams togetherTeam positionsShared explorationLock speedFull tech treeHidden civsTurbo modeCheats
Victory
Defeat
🇲🇽 Mongols · Mexico
1264
+13
🇺🇸 Magyars · United States
1199
+16
🇭🇺 Ethiopians · Hungary
1185
+16
🇲🇽 Slavs · Mexico
1136
+18
🇺🇸 Maya · United States
1289
-19
🇹🇼 Huns · Taiwan
1224
-17
🇨🇳 Jurchens · China
1147
-14
🇬🇧 Shu · United Kingdom
1111
-13
chillysloth
10:22 Feudal Age
16:52 Castle Age
15:17 Horse Collar
16:41 Double-Bit Axe
18:25 Bow Saw
19:16 Wheelbarrow
21:08 Medium Warships
23:04 Padded Archer Armor
22:54 Fletching
24:14 Leather Archer Armor
24:16 Thumb Ring
23:58 Loom
25:34 Fishing Lines
25:41 Town Watch
31:04 Hand Cart
35:32 Imperial Age
33:12 Gold Mining
33:42 Bloodlines
33:32 Husbandry
34:19 Bodkin Arrow
34:39 Leather Archer Armor
34:54 Ballistics
37:34 Chemistry
37:03 Parthian Tactics
36:38 Bracer
37:51 Ring Archer Armor
36:55 Heavy Cavalry Archer
38:39 Stone Mining
39:15 Scale Barding Armor
40:21 Chain Barding Armor
41:08 Corvinian Army
41:22 Recurve Bow
42:28 Plate Barding Armor
43:02 Conscription
45:38 Elite Magyar Huszar
55:52 Caravan
59:11 Two-Man Saw
P3netrador
3:02 Loom
11:25 Feudal Age
15:41 Castle Age
13:30 Double-Bit Axe
15:22 Horse Collar
17:00 Bow Saw
20:52 Forging
22:06 Scale Barding Armor
25:45 Bloodlines
25:48 Gold Mining
26:33 Husbandry
27:58 Wheelbarrow
28:42 Chain Barding Armor
29:19 Iron Casting
32:30 Gold Shaft Mining
32:57 Hand Cart
36:36 Town Watch
39:22 Imperial Age
38:00 Fletching
39:24 Bodkin Arrow
41:08 Blast Furnace
39:35 Cavalier
39:53 Elite Skirmisher
40:35 Padded Archer Armor
43:25 Plate Barding Armor
43:17 Conscription
44:13 Leather Archer Armor
45:03 Ballistics
45:04 Heavy Plow
48:19 Scale Mail Armor
48:50 Ring Archer Armor
49:09 Detinets
49:51 Hoardings
49:44 Chain Mail Armor
49:46 Light Cavalry
51:48 Plate Mail Armor
52:16 Elite Boyar
60:08 Spies/Treason
Megatron2002
0:28 Loom
10:01 Feudal Age
17:41 Castle Age
18:00 Stone Mining
17:59 Double-Bit Axe
20:28 Wheelbarrow
26:03 Horse Collar
26:38 Bow Saw
27:15 Fletching
29:15 Padded Archer Armor
29:17 Husbandry
33:07 Ballistics
33:04 Gold Mining
34:23 Heavy Plow
34:55 Masonry
35:18 Bloodlines
35:26 Leather Archer Armor
35:23 Bodkin Arrow
36:13 Gold Shaft Mining
36:03 Elite Skirmisher
36:49 Thumb Ring
44:11 Imperial Age
45:54 Murder Holes
50:57 Imperial Age
51:58 Drill
51:00 Elite Mangudai
51:02 Capped Ram
52:46 Chemistry
52:38 Parthian Tactics
52:40 Bracer
52:47 Siege Engineers
52:06 Siege Ram
59:55 Conscription
PZ|SlothKing
8:46 Feudal Age
8:24 Loom
12:26 Fletching
12:36 Padded Archer Armor
20:37 Castle Age
19:21 Double-Bit Axe
20:53 Horse Collar
20:59 Crossbowman
21:51 Bodkin Arrow
28:54 Wheelbarrow
28:04 Town Watch
30:09 Town Watch
38:23 Imperial Age
38:05 Heavy Plow
38:48 Thumb Ring
39:16 Bracer
39:31 Leather Archer Armor
38:58 Arbalester
43:36 Chemistry
47:56 Gold Mining
47:56 Stone Mining
55:52 Bow Saw
56:36 Conscription
60:23 Ring Archer Armor
59:40 Spies/Treason
House of Bebu
9:44 Loom
12:06 Feudal Age
19:27 Double-Bit Axe
22:39 Castle Age
21:12 Fletching
21:23 Padded Archer Armor
21:12 Horse Collar
21:51 Gold Mining
22:40 Crossbowman
23:39 Leather Archer Armor
27:08 Bodkin Arrow
30:27 Ballistics
33:39 Bow Saw
36:32 Heavy Plow
42:07 Fishing Lines
48:37 Imperial Age
神鬼戰士
0:28 Loom
12:48 Feudal Age
14:07 Wheelbarrow
13:17 Town Watch
13:22 Double-Bit Axe
17:27 Castle Age
15:58 Horse Collar
16:55 Scale Barding Armor
17:12 Forging
17:37 Light Cavalry
18:31 Husbandry
18:42 Bloodlines
29:37 Stone Mining
32:04 Gold Mining
35:26 Hand Cart
35:58 Fletching
36:44 Bodkin Arrow
38:46 Murder Holes
39:12 Ballistics
42:23 Chain Barding Armor
42:39 Iron Casting
45:35 Caravan
2204528
3:47 Loom
11:08 Feudal Age
13:48 Bloodlines
19:59 Horse Collar
20:58 Gold Mining
24:47 Wheelbarrow
26:43 Castle Age
24:44 Stone Mining
27:26 Husbandry
31:59 Double-Bit Axe
36:05 Scale Barding Armor
36:11 Forging
38:34 Imperial Age
36:13 Heavy Plow
36:34 Bow Saw
40:07 Gold Shaft Mining
40:07 Stone Shaft Mining
40:41 Chain Barding Armor
42:24 Elite Steppe Lancer
46:54 Plate Barding Armor
46:55 Iron Casting
48:35 Conscription
47:36 Elite Iron Pagoda
48:54 Crop Rotation
50:14 Blast Furnace
49:16 Pikeman
49:57 Squires
49:48 Arson
50:04 Squires
51:11 Wheelbarrow
51:02 Scale Mail Armor
treehugger
0:27 Loom
10:00 Feudal Age
10:39 Double-Bit Axe
10:35 Horse Collar
17:50 Castle Age
15:49 Fletching
16:48 Padded Archer Armor
17:58 Crossbowman
18:35 Bodkin Arrow
18:54 Bow Saw
19:08 Gold Mining
22:25 Heavy Plow
24:31 Wheelbarrow
24:46 Thumb Ring
28:26 Ballistics
31:11 Imperial Age
29:25 Hand Cart
29:52 Town Watch
30:29 Leather Archer Armor
31:10 Stone Mining
32:28 Ring Archer Armor
31:58 Bracer
31:20 Elite Skirmisher
32:01 Arbalester
33:25 Conscription
34:44 Chemistry
35:45 Two-Man Saw
35:24 Treadmill Crane
38:29 Hul'che Javelineers
38:21 Elite Skirmisher
41:21 Town Patrol
41:56 Crop Rotation
41:39 Forging
41:29 Scale Mail Armor
Connection lost

Rejoining the realm…

Still unreachable

The connection could not be restored.

Session expired

The server has moved on; the page needs a fresh start.